 Dungeon Sprint DCSS version 0.30.1-11-g7821555f0a (webtiles) character file.

Game seed: 4771253597351771231

2649 Groucho the Thaumaturge (level 9, -3/48 HPs)
             Began as a Deep Elf Earth Elementalist on Dec 10, 2023.
             Was the Champion of Vehumet.
             Slain by Harold
             ... wielding a +0 long sword
              (19 damage)
             ... in the Dungeon (Sprint VII: "The Pits").
             The game lasted 00:10:58 (2870 turns).

Groucho the Thaumaturge (DEEE)                      Turns: 2870, Time: 00:10:59

Health: -3/48      AC: 15    Str:  5    XL:     9   Next: 36%
Magic:  15/28      EV: 13    Int: 25    God:    Vehumet [******]
Gold:   0          SH:  0    Dex: 15    Spells: 21/34 levels left

rFire   . . .        o - +2 dagger (elec)
rCold   . . .        (no shield)
rNeg    . . .        u - +5 ring mail
rPois   .            (no helmet)
rElec   .            t - +0 cloak
rCorr   .            (no gloves)
SInv    .            (no boots)
Will    .....        (no amulet)
Stlth   ++++         h - +3 ring of protection
HPRegen 0.28/turn    p - +3 ring of evasion
MPRegen 0.21/turn

%: no teleportation
@: lethally poisoned (-3 -> -18)
A: no striking features
a: Renounce Religion


You were in the Dungeon.
You worshipped Vehumet.
Vehumet was exalted by your worship.
You visited 1 branch

Inventory:

Hand Weapons
 i - a +0 quarterstaff of speed
 o - a +2 dagger of electrocution (weapon)
 s - a +2 rapier of draining
Armour
 t - a +0 cloak (worn)
 u - a +5 ring mail (worn)
Jewellery
 h - a +3 ring of protection (left hand)
 p - a +3 ring of evasion (right hand)
Scrolls
 k - 5 scrolls of amnesia
 l - a scroll of summoning
 m - 2 scrolls of vulnerability
Potions
 b - 5 potions of magic
 c - 6 potions of curing
 d - 8 potions of heal wounds
 e - a potion of haste
 f - 5 potions of berserk rage
 j - 2 potions of invisibility
 q - a potion of brilliance
 r - 2 potions of mutation


   Skills:
 - Level 2.0 Fighting
 - Level 5.0 Short Blades
 - Level 7.0 Armour
 + Level 4.7 Dodging
 - Level 10.0 Stealth
 - Level 13.0 Spellcasting
 - Level 10.0 Conjurations
 - Level 7.0 Transmutations
 - Level 11.0 Earth Magic


You had 21 spell levels left.
You knew the following spells:

 Your Spells              Type           Power      Damage    Failure   Level
a - Sandblast             Erth           100%       2d20      1%          1
b - Stone Arrow           Conj/Erth      100%       3d13      1%          3
c - Petrify               Tmut/Erth      57%        N/A       3%          4
d - Lee's Rapid Deconstr  Erth           31%        3d16*     1%          5

Your spell library contained the following spells:

 Spells                   Type           Power      Damage    Failure   Level
 Arcjolt                  Conj/Air       20%        1d30      13%         5
 Passwall                 Tmut/Erth      47%        N/A       1%          2


Dungeon Overview and Level Annotations

Branches:
Dungeon (1/1)

Altars:
Ashenzari
Cheibriados
Dithmenos
Elyvilon
Fedhas
Gozag
Hepliaklqana
Kikubaaqudgha
Makhleb
Nemelex Xobeh
Okawaru
Qazlal
Ru
Sif Muna
Trog
Uskayaw
Vehumet
Wu Jian
Xom
Yredelemnul
Zin
The Shining One
Jiyva
Lugonu

Annotations:
D Harold


Message History

There is an open door here.
The black mamba closely misses you.
The black mamba attacks as you move away!
The black mamba misses you.
The black mamba bites you but does no damage.
Casting: Stone Arrow (safe; 1% risk of failure)
Confirm with . or Enter, or press ? or * to list all spells.
Aiming: Petrify (dangerous; 3% risk of failure)
Press: ? - help, Shift-Dir - straight line, f - black mamba
Aim: a black mamba (chance to affect: 74%)
The black mamba struggles to resist.
The black mamba barely misses you.
Unknown command.
Unknown command.
Unknown command.
Casting: Petrify (dangerous; 3% risk of failure)
Confirm with . or Enter, or press ? or * to list all spells.
Aiming: Petrify (dangerous; 3% risk of failure)
Press: ? - help, Shift-Dir - straight line, f/p - black mamba
Aim: a black mamba (chance to affect: 74%)
The black mamba is moving more slowly.
The black mamba completely misses you. The black mamba bites you!
Unknown command.
Unknown command.
Unknown command.
Casting: Petrify (dangerous; 3% risk of failure)
Confirm with . or Enter, or press ? or * to list all spells.
Aiming: Petrify (dangerous; 3% risk of failure)
Press: ? - help, Shift-Dir - straight line, f - Harold, p - black mamba
Aim: Harold, wielding a +0 long sword, wearing a +0 scale mail of cold resistance and quivering a throwing net (chance to affect: 40%) Harold resists with some effort.
The black mamba bites you.
The black mamba bites you but does no damage.
Harold hits you with a +0 long sword!
Unknown command.
Unknown command.
The black mamba attacks as you move away!
The black mamba bites you.
You are poisoned.
The black mamba poisons you! Harold attacks as you move away!
Harold hits you with a +0 long sword!!
You die...

)##.......##†...##..'.
.##.......##...##...#..
###...<...##..##...##..
.##.......##..#...##...
.##.......##..'..##....
###.......##.##.÷#..... .
############...'.....
########### #....#....#
#....#...[##..#.@##..##
#....#..[[##.###S@##.'.
'....'..))####.##O.#.##
#....#...)# #..O'..'..#
#....#..))##...@#..##...o
#################### ###


You could see Harold, a two-headed ogre and a black mamba (petrifying).

Vanquished Creatures
  A deep troll (D)
  A hornet (D)
  Prince Ribbit (D)
  2 jumping spiders (D)
  A basilisk (D)
  Menkaure (D)
  A steam dragon (D)
  2 wargs (D)
  An acid dragon (D)
  An ice beast (D)
  A sky beast (D)
  3 wolves (D)
  A bullfrog (D)
  A scorpion (D)
  A crimson imp (D)
  Terence (D)
  A hell rat (D)
  6 gnolls (D)
  A river rat (D)
  2 ufetubi (D)
  2 giant cockroaches (D)
  A goblin (D)
  10 jackals (D)
  A kobold (D)
  A ball python (D)
  2 frilled lizards (D)
  A giant cockroach zombie (D)
48 creatures vanquished.

Notes
Turn   | Place    | Note
-------+----------+-------------------------------------------
     0 | D        | Groucho the Deep Elf Earth Elementalist began the quest for
                  | the Orb.
     0 | D        | Reached XP level 1. HP: 10/10 MP: 6/6
    47 | D        | Found a bloodstained altar of Trog.
    47 | D        | Found a shimmering blue altar of Sif Muna.
    47 | D        | Found a viscous altar of Jiyva.
    47 | D        | Found a hazy altar of Hepliaklqana.
    47 | D        | Found an opulent altar of Gozag.
    48 | D        | Found a glowing golden altar of the Shining One.
    48 | D        | Found a glowing silver altar of Zin.
    48 | D        | Found a basalt altar of Yredelemnul.
    48 | D        | Found a shimmering altar of Xom.
    48 | D        | Found an ornate altar of the Wu Jian Council.
    48 | D        | Found a sacrificial altar of Ru.
    48 | D        | Found a stormy altar of Qazlal.
    48 | D        | Found an iron altar of Okawaru.
    48 | D        | Found a sparkling altar of Nemelex Xobeh.
    48 | D        | Found a burning altar of Makhleb.
    48 | D        | Found a blossoming altar of Fedhas.
    48 | D        | Found a white marble altar of Elyvilon.
    48 | D        | Found a shadowy altar of Dithmenos.
    48 | D        | Found a snail-covered altar of Cheibriados.
    50 | D        | Found a radiant altar of Vehumet.
    50 | D        | Found a corrupted altar of Lugonu.
    51 | D        | Found a hide-covered altar of Uskayaw.
    51 | D        | Found an ancient bone altar of Kikubaaqudgha.
    51 | D        | Found a broken altar of Ashenzari.
    58 | D        | Became a worshipper of Vehumet
    76 | D        | Reached skill level 5 in Earth Magic
    76 | D        | Reached XP level 2. HP: 15/15 MP: 6/8
    86 | D        | Reached * piety under Vehumet
    86 | D        | Offered knowledge of Kiss of Death by Vehumet.
    89 | D        | Reached ** piety under Vehumet
    90 | D        | Reached skill level 1 in Fighting
    91 | D        | Reached XP level 3. HP: 21/21 MP: 5/10
   316 | D        | Offered knowledge of Foxfire by Vehumet.
   317 | D        | Reached skill level 4 in Spellcasting
   317 | D        | Reached *** piety under Vehumet
   324 | D        | Reached skill level 5 in Spellcasting
   376 | D        | Learned a level 3 spell: Stone Arrow
   386 | D        | Noticed Prince Ribbit
   387 | D        | Noticed an ice beast
   395 | D        | Reached **** piety under Vehumet
   402 | D        | Killed an ice beast
   403 | D        | Reached skill level 6 in Spellcasting
   403 | D        | Reached XP level 4. HP: 26/26 MP: 2/14
   403 | D        | Reached XP level 5. HP: 30/30 MP: 2/16
   425 | D        | Reached ***** piety under Vehumet
   426 | D        | Reached skill level 7 in Spellcasting
   447 | D        | Learned a level 4 spell: Petrify
   449 | D        | Noticed Menkaure
   452 | D        | Killed Menkaure
   452 | D        | Offered knowledge of Poisonous Vapours by Vehumet.
   453 | D        | Reached skill level 9 in Spellcasting
   453 | D        | Reached skill level 5 in Transmutations
   453 | D        | Reached XP level 6. HP: 35/35 MP: 3/20
   554 | D        | Killed Prince Ribbit
   555 | D        | Reached skill level 10 in Spellcasting
   555 | D        | Reached skill level 10 in Earth Magic
   759 | D        | Offered knowledge of Mephitic Cloud by Vehumet.
   760 | D        | Reached XP level 7. HP: 32/40 MP: 15/23
  1003 | D        | Noticed a basilisk
  1007 | D        | Killed a basilisk
  1007 | D        | Offered knowledge of Sticky Flame by Vehumet.
  1008 | D        | Reached skill level 11 in Spellcasting
  1369 | D        | Noticed Terence
  1370 | D        | Offered knowledge of Eringya's Noxious Bog by Vehumet.
  1372 | D        | Killed Terence
  1373 | D        | Reached skill level 12 in Spellcasting
  1375 | D        | Reached skill level 1 in Short Blades
  1719 | D        | Noticed a jumping spider
  1724 | D        | Killed a jumping spider
  1724 | D        | Offered knowledge of Fireball by Vehumet.
  1725 | D        | Reached skill level 5 in Stealth
  1725 | D        | Reached XP level 8. HP: 44/44 MP: 8/26
  2222 | D        | Noticed a deep troll
  2423 | D        | Killed a deep troll
  2424 | D        | Reached skill level 5 in Short Blades
  2424 | D        | Reached skill level 13 in Spellcasting
  2432 | D        | Noticed a hornet
  2635 | D        | Offered knowledge of Lee's Rapid Deconstruction by Vehumet.
  2636 | D        | Reached skill level 10 in Conjurations
  2651 | D        | Reached skill level 10 in Stealth
  2651 | D        | Reached XP level 9. HP: 48/48 MP: 21/28
  2657 | D        | Learned a level 5 spell: Lee's Rapid Deconstruction
  2674 | D        | Paralysed by a hornet for 3 turns
  2681 | D        | Reached skill level 5 in Armour
  2684 | D        | Reached ****** piety under Vehumet
  2855 | D        | Offered knowledge of Arcjolt by Vehumet.
  2860 | D        | Noticed Harold
  2860 | D        | Noticed a two-headed ogre
  2861 | D        | Noticed a black mamba
  2870 | D        | Slain by Harold

Illustrated notes

Levels and vault maps discovered:
D:        pitsprint [storerooms_1, entrance_room_1, metal_vault_7, armoury_1,
          mini_pit_1, grid_room_1, main_hall_1, silver_pit, the_coven_1,
          the_vestibule_1, steel_vault_5, golden_pit, hallway_of_sentries,
          crystal_vault_4, iron_vault_3, final_vault]

Skill      XL: |  1  2  3  4  5  6  7  8  9 |
---------------+----------------------------+-----
Earth Magic    | 5 7 8 9 10 11 | 11.0
Fighting       | 2 |  2.0
Spellcasting   | 6 9 10 12 13 | 13.0
Conjurations   | 3 6 7 9 10 | 10.0
Transmutations | 4 5 6 7 |  7.0
Short Blades   | 3 5 |  5.0
Stealth        | 5 10 | 10.0
Armour         | 3 7 |  7.0
Dodging        | 4 |  4.7

Action                     |  1- 3 |  4- 6 |  7- 9 || total
---------------------------+-------+-------+-------++-------
  Melee: Dagger            |       |       |     2 ||     2
   Cast: Sandblast         |    20 |     1 |     2 ||    23
         Stone Arrow       |     3 |     8 |    45 ||    56
         Petrify           |       |       |     5 ||     5
         Lee's Rapid Decon |       |       |     1 ||     1
    Use: Potion            |       |     1 |     2 ||     3
         Scroll            |       |       |     1 ||     1
   Stab: Petrified         |       |       |     2 ||     2
 Armour: Ring mail         |       |       |    19 ||    19
  Dodge: Dodged            |     4 |     1 |    20 ||    25
